 Dungeon Crawl Stone Soup version 0.28.0-43-g3370ac3207 (webtiles) character file.

Game seed: 15095172951794272937

1179 bnorton916 the Chiller (level 8, 0/52 HPs)
             Began as a Barachi Ice Elementalist on Mar 18, 2022.
             Was an Initiate of Cheibriados.
             Killed from afar by Maggie (14 damage)
             ... with a bolt of fire
             ... on level 6 of the Dungeon.
             The game lasted 00:21:26 (9186 turns).

bnorton916 the Chiller (Barachi Ice Elementalist)   Turns: 9186, Time: 00:21:27

Health: 0/52       AC: 12    Str: 11    XL:     8   Next: 42%
Magic:  6/16       EV: 14    Int: 18    God:    Cheibriados [......]
Gold:   40         SH:  0    Dex: 20    Spells: 8/17 levels left

rFire   . . .      SeeInvis .   o - +1 falchion (holy)
rCold   . . .      Faith    .   (no shield)
rNeg    . . .      Spirit   .   a - +0 robe
rPois   +          Reflect  .   (no helmet)
rElec   .          Harm     .   (no cloak)
rCorr   .          Rampage  .   p - +0 pair of gloves
Will    .....                   y - +0 pair of boots
Stlth   ++........              (no amulet)
HPRegen 0.17/turn               b - +6 ring of dexterity
MPRegen 0.15/turn               s - ring of poison resistance

@: ice-armoured, about to teleport, freezing walls, mesmerised, very slow
A: amphibious, slowness 1, strong legs 1, +LOS
a: Hop, Renounce Religion


You were on level 6 of the Dungeon.
You worshipped Cheibriados.
Cheibriados was noncommittal.
You visited 2 branches of the dungeon, and saw 7 of its levels.
You also visited: Sewer.

You collected 275 gold pieces.
You spent 235 gold pieces at shops.

Inventory:

Hand Weapons
 h - a +0 dagger
 o - a +1 falchion of holy wrath (weapon)
Missiles
 j - 232 stones
 r - 12 poisoned darts (quivered)
Armour
 a - a +0 robe (worn)
 p - a +0 pair of gloves (worn)
 y - a +0 pair of boots (worn)
Jewellery
 b - a +6 ring of dexterity (left hand)
 s - a ring of poison resistance (right hand)
Scrolls
 i - 6 scrolls of teleportation
 l - a scroll of fear
 q - 2 scrolls of enchant weapon
 t - a scroll of noise {unknown}
 x - 2 scrolls of enchant armour
 B - a scroll of fog {unknown}
Potions
 c - 5 potions of curing
 d - 2 potions of mutation
 e - 6 potions of heal wounds
 f - a potion of resistance {unknown}
 g - 2 potions of cancellation
 k - a potion of flight {unknown}
 m - a potion of berserk rage {unknown}
 n - 3 potions of lignification
 u - 2 potions of might
 v - a potion of magic {unknown}
 w - a potion of ambrosia {unknown}
 z - a potion of degeneration {unknown}
 A - a potion of brilliance


   Skills:
 + Level 3.9 Armour
 + Level 4.3 Dodging
 - Level 1.7 Stealth
 - Level 5.4 Spellcasting
 - Level 7.9 Ice Magic
 - Level 3.0 Air Magic
 - Level 3.0 Poison Magic


You had 8 spell levels left.
You knew the following spells:

 Your Spells              Type           Power      Damage    Failure   Level
a - Freeze                Ice            100%       1d11      1%          1
b - Frozen Ramparts       Ice            66%        1d8       1%          3
c - Ozocubu's Armour      Ice            33%        N/A       1%          3
d - Poisonous Vapours     Pois/Air       30%        N/A       5%          2

Your spell library contained the following spells:

 Spells                   Type           Power      Damage    Failure   Level
 Sting                    Tmut/Pois      40%        1d5       7%          1
 Sublimation of Blood     Necr           4%         N/A       19%         2
 Wereblood                Tmut           4%         N/A       19%         2
 Hailstorm                Conj/Ice       19%        3d6       24%         4
 Olgreb's Toxic Radiance  Pois           15%        N/A       36%         4
 Metabolic Englaciation   Hex/Ice        9%         N/A       56%         5
 Simulacrum               Ice/Necr       9%         N/A       98%         6
 Summon Hydra             Summ           2%         N/A       100%        7


Dungeon Overview and Level Annotations

Branches:
Dungeon (6/15)             Temple (1/1) D:5           Sewer (visited)

Altars:
Cheibriados
Dithmenos
Elyvilon
Hepliaklqana
Kikubaaqudgha
Nemelex Xobeh
Ru
The Shining One

Shops:
D:3 !*?[   D:4 :   D:5 !:

Annotations:
D:4 2 runed translucent doors, tizbic2's ghost, amateur NaBe
D:6 Maggie


Innate Abilities, Weirdness & Mutations

You are amphibious.
You cover ground slowly.
You can hop short distances.
You have an extended range of vision and can be seen from far away.


Message History

Casting: Ozocubu's Armour (safe; 1% risk of failure)
Confirm with . or Enter, or press ? or * to list all spells.
Okay, then.
Unknown command.
You feel better.
Maggie casts a spell.
Maggie draws you further into her thrall.
Casting: Ozocubu's Armour (safe; 1% risk of failure)
Confirm with . or Enter, or press ? or * to list all spells.
Okay, then.
Casting: Ozocubu's Armour (safe; 1% risk of failure)
Confirm with . or Enter, or press ? or * to list all spells.
Aiming: Poisonous Vapours (safe; 5% risk of failure)
Press: ? - help, Dir - move target, f - you, p - Maggie
Okay, then.
Unknown command.
Unknown command.
Your icy armour and frozen ramparts will break if you move.
Continue?
Your icy armour cracks and falls away as you move.
The frozen ramparts melt away as you move.
Press: ? - help, v - describe, . - travel
Here: Maggie, wielding a +2 vorpal broad axe and wearing +0 swamp dragon scales (mesmerising)
The floor.
As you read the scroll of teleportation, it crumbles to dust.
You feel strangely unstable.
Casting: Poisonous Vapours (safe; 5% risk of failure)
Confirm with . or Enter, or press ? or * to list all spells.
Casting: Frozen Ramparts (safe; 1% risk of failure)
Press: ? - help, Dir - look around, f - activate The walls around you are covered in ice.
The wall freezes Maggie.
Maggie casts a spell at you. The bolt of fire hits you!
* * * LOW HITPOINT WARNING * * *
Casting: Frozen Ramparts (safe; 1% risk of failure)
Confirm with . or Enter, or press ? or * to list all spells.
A film of ice covers your body!
The wall freezes Maggie.
Maggie gestures at you while chanting. The bolt of fire hits you!
You die...

#........###
####.###....
####......#####
#####.....#.#.#
...........#.###
####...........#
#............#.#
#
#.##.......#.#..
#.##@##.##......#
##
#.............###
####@########.#
#.......# #.#
#.#(###.# ..
#.#(. ... . ...
.# .# .(.. #.
....


You could see Maggie (mesmerising).

Vanquished Creatures
  Prince Ribbit (D:5)
  A water moccasin (D:5)
  2 ogres
  A bullfrog (D:6)
  2 scorpions
  The ghost of Zeld the Magician, a weakling DEFE (D:3)
  3 hounds
  An orc priest (D:3)
  A centaur skeleton (D:6)
  An iguana (D:4)
  A hound skeleton (D:5)
  6 adders
  9 river rats (Sewer)
  A shadow imp (D:5)
  2 white imps
  An ufetubus (D:6)
  4 worms
  5 dart slugs
  10 orcs
  5 endoplasms
  4 giant cockroaches
  11 goblins
  4 hobgoblins
  6 jackals
  3 quokkas
  7 ball pythons
  7 bats
  A frilled lizard (D:1)
  24 kobolds
  24 rats
149 creatures vanquished.

Vanquished Creatures (others)
  3 fungi (D:2)
  2 plants (D:2)
5 creatures vanquished.

Grand Total: 154 creatures vanquished

Notes
Turn   | Place    | Note
-------+----------+-------------------------------------------
     0 | D:1      | bnorton916 the Barachi Ice Elementalist began the quest for
                  | the Orb.
     0 | D:1      | Reached XP level 1. HP: 13/13 MP: 3/3
    89 | D:1      | Reached skill level 5 in Ice Magic
   423 | D:1      | Reached XP level 2. HP: 14/19 MP: 2/5
  1321 | D:1      | Reached XP level 3. HP: 23/24 MP: 5/7
  2752 | D:2      | Learned a level 3 spell: Frozen Ramparts
  2756 | D:2      | Learned a level 3 spell: Ozocubu's Armour
  2889 | D:2      | Reached XP level 4. HP: 24/30 MP: 6/9
  3447 | D:2      | Found a faded altar of an unknown god.
  3861 | D:3      | Found Otoul's Magic Scroll Emporium.
  3870 | D:3      | Bought a scroll of identify for 20 gold pieces
  3870 | D:3      | Bought a scroll of teleportation for 30 gold pieces
  3907 | D:3      | Found Titener's General Store.
  3929 | D:3      | Bought a potion of heal wounds for 65 gold pieces
  3962 | D:3      | Found a shadowy altar of Dithmenos.
  4049 | D:3      | Found a runed translucent gate.
  4050 | D:3      | Found a runed translucent gate.
  4051 | D:3      | Found a runed translucent gate.
  4051 | D:3      | Noticed Zeld's ghost (weakling DEFE)
  4058 | D:3      | Reached skill level 6 in Ice Magic
  4201 | D:3      | Killed Zeld's ghost
  4202 | D:3      | Reached XP level 5. HP: 34/35 MP: 3/10
  4388 | D:3      | Found Xunu's Distillery.
  4393 | D:3      | Bought a potion of curing for 36 gold pieces
  4988 | D:3      | Found Odduip's Antique Armour Shop.
  5220 | D:4      | Found Ixkione's Book Shoppe.
  5379 | D:4      | Found a glowing drain.
  5383 | Sewer    | Entered a sewer
  5396 | Sewer    | Learned a level 2 spell: Poisonous Vapours
  5737 | Sewer    | Reached XP level 6. HP: 41/41 MP: 8/12
  6066 | Sewer    | Reached skill level 1 in Poison Magic
  6152 | Sewer    | Reached skill level 1 in Air Magic
  6668 | Sewer    | Reached skill level 7 in Ice Magic
  7187 | D:4      | Reached skill level 5 in Spellcasting
  7187 | D:4      | Reached XP level 7. HP: 28/46 MP: 7/14
  7309 | D:4      | Found a runed translucent door.
  7310 | D:4      | Noticed tizbic2's ghost (amateur NaBe)
  7721 | D:4      | Found a runed translucent door.
  7757 | D:5      | Entered Level 5 of the Dungeon
  7774 | D:5      | Found a glowing golden altar of the Shining One.
  7907 | D:5      | Found Viloasul's Book Shoppe.
  8101 | D:5      | Found a staircase to the Ecumenical Temple.
  8107 | Temple   | Entered the Ecumenical Temple
  8113 | Temple   | Became a worshipper of Cheibriados the Contemplative
  8158 | D:5      | Found Vomisar's Distillery.
  8162 | D:5      | Bought a potion of brilliance for 48 gold pieces
  8162 | D:5      | Bought a potion of lignification for 36 gold pieces
  8223 | D:5      | Noticed Prince Ribbit
  8239 | D:5      | Killed Prince Ribbit
  8401 | D:5      | Reached skill level 1 in Armour
  8401 | D:5      | Reached XP level 8. HP: 44/52 MP: 10/16
  9169 | D:6      | Noticed Maggie
  9186 | D:6      | Killed from afar by Maggie

Illustrated notes

Levels and vault maps discovered:
D:1:      dpeg_arrival_arbitrary_b, layout_loops_ring
D:2:      minmay_alternating_diamond, layout_basic,
          shapermc_ecumenical_altar_petra, kennysheep_generic_room_10
D:3:      layout_rooms, grunt_dithmenos_smoke_and_mirrors, serial_shops, shop,
          shop, shop, shop_coins, ebering_ghost_rock_garden
D:4:      layout_rooms, ebering_ghost_sewer_f, gup_sewer_entry_bowl,
          hangedman_abyss_or_decor_stagger, nicolae_stop_n_shop_2
D:5:      layout_loops_ring, mainiacjoe_overflow_concentric_impassable,
          temple_statues, serial_shops, nicolae_shop_stone, nicolae_square_shop,
          uniq_prince_ribbit1
D:6:      layout_loops_cross, uniq_maggie
Temple:   eino_temple_rhombus

Skill      XL: |  1  2  3  4  5  6  7  8 |
---------------+-------------------------+-----
Ice Magic      | 5 6 7 |  7.9
Spellcasting   | 3 4 5 |  5.4
Poison Magic   | 2 3 |  3.0
Air Magic      | 2 3 |  3.0
Armour         | 1 3 |  3.9
Dodging        | 4 |  4.3
Stealth        | |  1.7

Action                   |  1- 3 |  4- 6 |  7- 9 || total
-------------------------+-------+-------+-------++-------
Melee: Unarmed           |     1 |       |       ||     1
       Falchion          |       |    66 |    28 ||    94
       Punch             |       |       |     1 ||     1
Throw: Stone             |     7 |    21 |       ||    28
       Dart              |       |     8 |    20 ||    28
 Cast: Freeze            |    60 |    35 |     1 ||    96
       Frozen Ramparts   |       |    26 |    15 ||    41
       Ozocubu's Armour  |       |    11 |     8 ||    19
       Poisonous Vapours |       |       |     4 ||     4
 Abil: Hop               |       |     1 |     1 ||     2
  Use: Scroll            |       |     5 |     2 ||     7
       Potion            |       |       |     1 ||     1
Armor: Robe              |     7 |    21 |    14 ||    42
Dodge: Dodged            |    35 |    71 |    39 ||   145
